 Dungeon Crawl Stone Soup version 0.17-a0-1378-g281efdd (webtiles) character file.

7 bal the Caller (level 1, -4/8 HPs)
             Began as a Felid Summoner on June 14, 2015.
             Slain by a hobgoblin
             ... wielding a +0 club
              (8 damage)
             ... on level 1 of the Dungeon.
             The game lasted 00:01:17 (220 turns).

bal the Caller (Felid Summoner)                      Turns: 220, Time: 00:01:17

Health: -4/8       AC:  1    Str:  4    XL:     1   Next: 91%
Magic:  3/4        EV: 18    Int: 16    God:
Gold:   35         SH:  0    Dex: 16    Spells: 1 memorised, 3 levels left
                                        Lives:  0   Deaths: 0

rFire  . . .     SeeInvis +     (weapon unavailable)
rCold  . . .     Clarity  .     (armour unavailable)
rNeg   . . .     SustAt   .     (shield unavailable)
rPois  .         Gourm    .     (helmet unavailable)
rElec  .         Spirit   .     (cloak unavailable)
rCorr  .         Warding  .     (gloves unavailable)
rMut   .         Stasis   .     (boots unavailable)
MR     .....                    (no amulet)
Stlth  +++.......               (no ring)
                                (no ring)

@: quick, not resistant to hostile enchantments, fairly stealthy
A: no armour, no weapons or thrown items, claws 1, fangs 3, see invisible,
carnivore 3, speed 1, shaggy fur 1, slow metabolism 1, sharp paws
a: no special abilities


You were on level 1 of the Dungeon.
You were not hungry.

You visited 1 branch of the dungeon, and saw 1 of its levels.

You collected 35 gold pieces.

Inventory:

Jewellery
 c - an uncursed amulet of stasis {unknown}
 f - an uncursed ring of magical power {unknown}
Scrolls
 d - 2 scrolls of teleportation {unknown}
 g - a scroll of remove curse {unknown}
Potions
 e - 2 potions of might {unknown}
Books
 a - a book of Callings

   Spells                             Type                      Level
   a - Summon Small Mammal            Summoning                    1
   b - Call Imp                       Summoning                    2
   c - Call Canine Familiar           Summoning                    3
   d - Summon Guardian Golem          Hexes/Summoning              3
   e - Summon Lightning Spire         Summoning/Air                4
   f - Summon Ice Beast               Ice/Summoning                4
Comestibles
 b - a meat ration
 h - a chunk of flesh


   Skills:
 * Level 0.6 Fighting
 + Level 2.9 Dodging
 + Level 2.6 Stealth
 + Level 2.0 Spellcasting
 + Level 4.2 Summonings


You had 3 spell levels left.
You knew the following spells:

 Your Spells              Type           Power        Failure   Level  Hunger
a - Summon Small Mammal   Summ           ###.         4%          1    #......


Dungeon Overview and Level Annotations

Branches:
Dungeon (1/15)

Altars:


Innate Abilities, Weirdness & Mutations

You cannot wear armour.
You are incapable of wielding weapons or throwing items.
You have sharp claws.
You have razor-sharp teeth.
You have supernaturally acute eyesight.
You are carnivorous and can eat meat at any time.
You cover ground quickly.
You are covered in fur (AC +1).
You have a slow metabolism.
Your sharp claws are effective at attacking unaware monsters.


Message History

You swap places.
The bat misses you.
You swap places.
The bat barely misses your quokka.
Your quokka misses the bat. The bat closely misses your quokka.
The bat hits your quokka but does no damage.
Your quokka bites the bat.
The bat barely misses your quokka. The bat hits your quokka.
Your quokka misses the bat. The bat barely misses your quokka.
A hobgoblin comes into view. It is wielding a club.
The bat barely misses your quokka. The bat completely misses your quokka.
Your quokka closely misses the bat.
The bat hits your quokka but does no damage.
The bat closely misses your quokka.
Your quokka bites the bat.
The bat closely misses your quokka.
Your quokka bites the bat.
The bat dies!
Casting: Summon Small Mammal
Confirm with . or Enter, or press ? or * to list all spells.
You swap places.
You swap places.
The hobgoblin hits you with a club!
Ouch! That really hurt!
You die...

# #.. ......#.##.#......#
####### ##### #.##.#..s...#
.....÷##########.##.#......#
#####......##.....#.#......#
#......#####..#.#......#
#......# #(.#.+......'
#....### #..###......#
###....# #.g..†.......
#......# #@#######....
#......# #r# # #......# #r#
#....#.# #.# #....#.## #.#
#....#..# #.# #######.## #.#
#..# #.# ##.## #.#


You could see a hobgoblin, a friendly quokka and a friendly rat.

Vanquished Creatures
  A bat (D:1)
  A goblin (D:1)
  A giant cockroach (D:1)
  A rat (D:1)
4 creatures vanquished.

Vanquished Creatures (collateral kills)
  A bat (D:1)
  2 hobgoblins (D:1)
  A giant cockroach (D:1)
4 creatures vanquished.

Grand Total: 8 creatures vanquished

Notes
Turn   | Place    | Note
--------------------------------------------------------------
     0 | D:1      | bal the Felid Summoner began the quest for the Orb.
     0 | D:1      | Reached XP level 1. HP: 7/7 MP: 4/4
   220 | D:1      | Slain by a hobgoblin

Vault maps used:
D:1:      dpeg_arrival_boxes_within_box, minivault_4, hex_intersection

Action                   || total
-------------------------++-------
Melee: Unarmed           ||     8
 Cast: Summon Small Mamm ||     5
 Stab: Sleeping          ||     3
